[Event "*** Titled Tuesday Blitz"]
[Site "Chess.com"]
[Date "2020.04.21"]
[Round "5"]
[White "praveenb2002"]
[Black "Sashadav97"]
[Result "1-0"]
[WhiteElo "2721"]
[BlackElo "2564"]
[TimeControl "180+1"]
[EndTime "10:59:58 PDT"]
[Termination "praveenb2002 won by resignation"]

1. d4 d5 2. c4 e6 3. Nf3 a6 4.
cxd5 exd5 5. Nc3 c6 6. Bg5 Be7 7. Bxe7 Qxe7 8. e3 Bf5 9. Bd3 Bxd3 10. Qxd3 Nf6 11. O-O Nbd7 12. Rab1 O-O 13. b4 Nb6 14. Nd2 Rfe8 15. a4 Ne4 16. Ndxe4 dxe4 17. Qe2 Qe6 18.
Rfc1 Qd6 19. b5 cxb5 20. axb5 a5 21. Qa2 a4 22. Ne2 Rec8 23. Ng3 Qd5 24. Qxd5 Rxc1+ 25. Rxc1 Nxd5 26. Nxe4 a3 27. Nc5 a2 28. Nb3 f5 29.
Kf1 Ra3 30. Na1 Rc3 31. Rxc3 Nxc3 32. Ke1 Nxb5 33. Kd2 f4 34. Kc2 fxe3 35. fxe3 Nd6 36. Kb2 Nf5 37. Nc2 Kf7 38. Kxa2 Ke6 39. e4 Nh4 40.
Ne3 Ng6 41. Kb3 Nf4 42. Kc4 Ne2 43. g3 b5+ 44. Kd3 Ng1 45. Nd5 Nf3 46. h4 Kd6 47. Ke2 Nxd4+ 48. Ke3 Nc6 49. Kd3 Kc5 50. Nf4 Ne5+ 51.
Ke3 b4 52. Kd2 Kc4 53. Kc2 b3+ 54. Kb1 g6 55. Ne6 Kc3 56. Nc5 Nc4 57. Na4+ Kd2 58. Nc5 Kc3 59. Na4+ Kb4 60. Nb2 Ne5 61. Nd1 Nc6 62. Ne3 Kc3 63. Nd5+ Kd4 64. Kb2 Kxe4 65. Nf6+ Kf5 66. Nxh7 Nd4 67. Nf8 Kf6 68. g4 Kf7 69.
Nd7 Ke7 70. Ne5 Kf6 71. Nd7+ Ke6 72. Nf8+ Kf7 73. Nd7 Nf3 74. h5 g5 75. Kxb3 Nh2 76.
Ne5+ Kf6 77. h6 Nf1 78. Kc4 Nd2+ 79. Kd3 Nf1 80. Ke2 Nh2 81. Kf2 Kxe5 82. h7 Nxg4+ 83.
Kg1 Nf6 84. h8=Q Kf5 85. Qg7 g4 86. Qa7 Nh5 87. Qa5+ Kg6 88. Kg2 g3 89. Qb6+ Kg5 90. Qc5+ Kg4 91. Qc8+ Kh4 92. Qd8+ Kg4 93. Qd1+ Kh4 94.
Qh1+ Kg5 95. Kf3 Kg6 96. Qh3 Kg5 97. Qg4+ Kh6 98. Kg2 Ng7 99. Qh4+ Nh5 100. Qg4 Ng7 101. Qxg3 Nh5 102. Qe3+ Kg6 103. Kh3 Nf6 104. Kh4 Kf5 105. Qg1 Ke6 106. Qf1 Nd5 107. Kg5 Ke5 108. Qe1+ Kd4 109. Kf5 Ne3+ 110. Ke6 Nd5 111. Qd1+ Ke3 112. Qxd5 1-0

[Event "*** Titled Tuesday Blitz"]
[Site "Chess.com"]
[Date "2020.04.21"]
[Round "5"]
[White "ArnaudovP"]
[Black "Jeffinho023"]
[Result "1/2-1/2"]
[WhiteElo "2631"]
[BlackElo "2490"]
[TimeControl "180+1"]
[EndTime "10:59:58 PDT"]
[Termination "Game drawn by repetition"]

1. Nf3 Nf6 2. c4 c6 3. g3 d5 4. Bg2 Bf5 5. cxd5 cxd5 6. Qb3 Qb6 7. Qxb6 axb6 8. Nc3 e6 9. d3 Bb4 10. Bd2 Nbd7 11.
a3 Be7 12. O-O O-O 13. b4 Rfc8 14. Rfc1 Bg4 15. Nb5 Bxf3 16. Bxf3 h6 17. Be3 Rc6 18. Bd2 Kf8 19. e3 Ke8 20. Nc7+ Rxc7 21. Rxc7 Rb8 22. d4 Bd6 23. Rcc1 Kd8 24. Be2 Ne4 25. Be1 Ra8 26.
b5 Rxa3 27. Rxa3 Bxa3 28. Ra1 Be7 29. g4 Ndf6 30. f3 Nd6 31. Bg3 Kd7 32. Bd3 Nfe8 33. e4 Nc7 34. Bxd6 Bxd6 35. e5 Bb4 36. Rc1 Bd2 37. Rxc7+ Kxc7 38. Kf2 Bc1 39. Bh7 Kd7 40. h4 Ke7 41. h5 Bf4 42. Ke2 f6 43. exf6+ gxf6 44.
Bg8 Kd6 45. Kd3 e5 46. dxe5+ fxe5 47. Bf7 Kc5 48. Be8 Kd6 49. Bf7 Bg5 50. Bg6 Ke6 51.
Be8 Ke7 52. Bg6 Kd6 53. Bf7 Bd8 54. Bg6 Ke6 55. Be8 Kf6 56. Bd7 Ke7 57. Bc8 Kd6 58. Bxb7 Kc5 59. Bc6 Bg5 60. Be8 Bf4 61. Bc6 Kd6 62. Be8 Kc5 63. Bc6 Kd6 64. Ba8 Ke6 65. Bb7 Bg5 66. Bc8+ Kf6 67. Bd7 Bc1 68. Bc6 Ke6 69.
Ke2 Ba3 70. Kd3 Bc5 71. Ke2 Bf8 72. Kd3 Be7 73. Ke3 Bg5+ 74. Kd3 Kd6 75. Ba8 Kc5 76. Bc6 Bf4 77. Be8 Kd6 78. Bc6 Kc5 79. Be8 Kd6 80. Bf7 Kc5 81. Be8 1/2-1/2

[Event "*** Titled Tuesday Blitz"]
[Site "Chess.com"]
[Date "2020.04.21"]
[Round "5"]
[White "Bulldog167"]
[Black "igorkovalenko"]
[Result "1/2-1/2"]
[WhiteElo "2785"]
[BlackElo "2879"]
[TimeControl "180+1"]
[EndTime "11:00:19 PDT"]
[Termination "Game drawn by stalemate"]

1. e4 c5 2. Nf3 e6 3. d3 Nc6 4. g3 g6 5. Bg2 Bg7 6. O-O Nge7 7. Nc3 O-O 8. Bg5 h6 9. Be3 d6 10. Qd2 Kh7 11. h3 Nd4 12. Rab1 Nec6 13. Ne2 a5 14. c3 Nxf3+ 15. Bxf3 e5 16. Bg2 Be6 17. a4 Qd7 18. Kh2 f5 19. f4 b6 20.
exf5 gxf5 21. d4 exd4 22. cxd4 Bc4 23. dxc5 bxc5 24. Rfe1 Rae8 25. b3 Bxe2 26. Rxe2 Nd4 27. Bxd4 Bxd4 28. Bd5 Rxe2+ 29. Qxe2 Re8 30. Qd3 Re3 31. Qc2 h5 32. g4 hxg4 33. hxg4 Kg6 34. Qxf5+ Qxf5 35. gxf5+ Kxf5 36. Rf1 Rc3 37. Kg2 Be3 38. Kf3 Bxf4+ 39. Ke2 Re3+ 40. Kf2 Rd3 41. Bg8 Ke5 42. Re1+ Kd4 43. Re8 Be5 44. Bc4 Rd2+ 45. Ke1 Rh2 46. Ra8 Ke3 47. Kd1 Bb2 48. Rd8 Rd2+ 49.
Ke1 Bc3 50. Kf1 Rf2+ 51. Kg1 Rf6 52. Kg2 Bb4 53. Re8+ Kd4 54. Rd8 Bd2 55. Rd7 Bf4 56. Kf3 Be5+ 57. Ke2 Kc3 58. Ke3 Rf4 59. Rd8 Rd4 60. Ke2 Rd2+ 61. Ke3 Rd4 62. Ke2 Re4+ 63. Kf3 Kd4 64. Rd7 Rf4+ 65. Ke2 Rh4 66. Rd8 Rh2+ 67.
Kf3 Rh3+ 68. Ke2 Rh5 69. Rd7 Rf5 70. Rd8 Bg3 71. Rd7 d5 72. Rd8 Re5+ 73. Kd2 Bf4+ 74.
Kd1 Ke4 75. Bb5 Ke3 76. Kc2 Rg5 77. Re8+ Kd4 78. Re2 Rg3 79. Rf2 Rc3+ 80. Kb2 Bc1+ 81. Ka2 Be3 82. Rf1 Rc2+ 83. Kb1 Rd2 84. Bc6 Kc3 85. Rf5 Rd1+ 86. Ka2 Rd2+ 87. Kb1 d4 88.
Rxc5+ Kxb3 89. Bd5+ Kb4 90. Rb5+ Kxa4 91. Rb7 Ka3 92. Rb3+ Ka4 93. Rb7 Rd3 94. Kc2 Rc3+ 95. Kb2 Bc1+ 96. Ka2 Ra3+ 97. Kb1 Rc3 98. Ka2 d3 99.
Bb3+ Rxb3 100. Rxb3 d2 101. Rd3 Kb4 102. Kb1 a4 103.
Kc2 Kc4 104. Rd8 a3 105. Rc8+ Kd4 106. Rd8+ Ke3 107. Ra8 Ke2 108. Re8+ Kf3 109. Kd1 Kf4 110. Ra8 Ke3 111. Re8+ Kd3 112. Rc8 Bb2 113. Rd8+ Bd4 114. Ra8 Bc5 115. Rxa3+ Bxa3 1/2-1/2

[Event "*** Titled Tuesday Blitz"]
[Site "Chess.com"]
[Date "2020.04.21"]
[Round "5"]
[White "EddieMarsalla"]
[Black "JakubPulpan"]
[Result "1-0"]
[WhiteElo "2546"]
[BlackElo "2690"]
[TimeControl "180+1"]
[EndTime "11:00:23 PDT"]
[Termination "EddieMarsalla won on time"]

1. d4 Nf6 2. Bg5 d5 3. Nd2 c5 4. e3 Qb6 5. c3 Qxb2 6. Rb1 Qxc3 7. Rc1 Qa5 8. Rxc5 Qd8 9. Ngf3 Nbd7 10. Rc1 e6 11.
Bd3 Be7 12. Qe2 h6 13. Bh4 O-O 14. O-O b6 15. Bg3 Bb7 16. Bc7 Qe8 17. Ne5 Nxe5 18. dxe5 Nd7 19. Bb5 a6 20. Bxd7 Qxd7 21. Bxb6 Bc6 22. Rfd1 Rab8 23. Bd4 Ba4 24. Re1 Rfc8 25.
Qxa6 Rxc1 26. Rxc1 Bb5 27. Qa5 Bc6 28. Nb3 Bd8 29.
Qc5 Bb5 30. Qd6 Qxd6 31. exd6 Bc4 32. d7 Kh7 33. Nd2 Rb7 34. Nxc4 dxc4 35. Kf1 Rxd7 36. Rxc4 f6 37. a4 e5 38. Bc3 Rd1+ 39. Ke2 Rc1 40.
Kd2 Rf1 41. Ke2 Rc1 42. Kd3 Rf1 43. f4 exf4 44. Rxf4 Rg1 45. Rf2 Rd1+ 46. Kc2 Rd5 47. e4 Rh5 48. h3 Bb6 49. Rf5 Rh4 50. a5 Bxa5 51. Bxa5 Rxe4 52. Kd3 Ra4 53. Bd2 Ra3+ 54. Ke2 Ra2 55. Rf3 Kg6 56. Rg3+ Kf7 57. Rd3 Ra7 58. g4 Kg6 59. Be3 Ra2+ 60. Rd2 Ra3 61. Rd7 Ra2+ 62.
Kf3 Ra3 63. h4 Ra4 64. h5+ Kh7 65. Bd4 Kg8 66. Ke4 Ra5 67. Rd5 Ra2 68. Kf5 Kh7 69. Rd7 Ra5+ 70. Ke4 Kg8 71. Rd5 Ra4 72. Ke3 Ra3+ 73.
Kf2 Ra2+ 74. Kg3 Rd2 75. Kf3 Ra2 76. Rd8+ Kf7 77. Bc5 Rc2 78. Rd7+ Ke6 79. Re7+ Kd5 80. Rxg7 Rxc5 81. Rg6 Ke5 82. Rxh6 Rc3+ 83. Kg2 Kf4 84. Rg6 f5 85. h6 Rg3+ 86. Kf2 Rh3 87. g5 Rh2+ 88. Kg1 Kg3 89. Ra6 Rg2+ 90. Kf1 Rf2+ 91. Ke1 Rh2 92. g6 Rxh6 93. g7 Rxa6 94. g8=Q+ Kf3 95.
Qd5+ Kg3 96. Qe5+ f4 97. Qg5+ Kh3 98. Qxf4 Ra1+ 99. Kd2 Ra2+ 100. Kc1 Rg2 101. Kd1 Rg4 102. Qh6+ Rh4 103. Qe6+ Kg3 104. Ke2 1-0

[Event "*** Titled Tuesday Blitz"]
[Site "Chess.com"]
[Date "2020.04.21"]
[Round "5"]
[White "Oleksandr_Bortnyk"]
[Black "Jospem"]
[Result "1/2-1/2"]
[WhiteElo "3029"]
[BlackElo "2840"]
[TimeControl "180+1"]
[EndTime "11:00:44 PDT"]
[Termination "Game drawn - insufficient material"]

1. e4 c5 2. Be2 d6 3. f4 Nc6 4. Nf3 g6 5. O-O Bg7 6. d3 e6 7. c3 Nge7 8. Be3 b6 9. Qe1 h6 10. Na3 Bb7 11. d4 cxd4 12. cxd4 O-O 13. Rc1 Rc8 14.
Qd2 Qd7 15. Bd3 a5 16. Nc4 Qd8 17. e5 dxe5 18. fxe5 Nb4 19. Bb1 Ba6 20. b3 Kh7 21. Qf2 Nf5 22. Bxf5 exf5 23. Rfd1 Nd5 24. Nd6 Rxc1 25.
Rxc1 Qd7 26. Bd2 Qe7 27. a4 Rd8 28. h4 Qe6 29. h5 Qe7 30. hxg6+ fxg6 31. Re1 Rf8 32.
Nh4 Qe6 33. Nf3 Kg8 34. Rc1 f4 35. Qh4 g5 36. Qh5 Bd3 37. Rc6 Bg6 38. Qh2 Qd7 39.
Rc1 Qe6 40. Re1 Bc2 41. Rc1 Bxb3 42. Qh5 Bxa4 43. Ne4 Be8 44. Qh2 Bg6 45. Nd6 a4 46. Ra1 Ra8 47. Kf2 a3 48. Qg1 Ne3 49. Bxe3 fxe3+ 50. Kxe3 a2 51. Qc1 Qb3+ 52. Ke2 Qc2+ 53. Qxc2 Bxc2 54.
Kd2 Bb1 55. Kc3 Bf8 56. Nc4 Rc8 57. Kb3 b5 58. Ncd2 Bc2+ 59. Kxa2 Bb4 60. Rc1 Ra8+ 61. Kb2 Ba3+ 62. Kxc2 Rc8+ 63. Kb3 Bxc1 64. Ne4 Be3 65.
d5 Bf4 66. e6 Kf8 67. d6 Bxd6 68. Nxd6 Rc6 69. Nxb5 Rxe6 70. Nbd4 Re4 71. Kc3 g4 72. Nd2 Re3+ 73. Kc4 h5 74. Kd5 h4 75. Nf5 Rd3+ 76.
Ke4 Rxd2 77. Nxh4 Ra2 78. Kf4 Ra4+ 79. Kg5 Kf7 80. g3 Ke6 81. Ng6 Kd5 82. Nf4+ Ke4 83. Kxg4 Ra5 84. Nh3 Ra8 85. Ng5+ Ke5 86. Nf3+ Ke4 87.
Ng5+ Ke5 88. Nf3+ Kf6 89. Nh4 Ra4+ 90. Kh3 Ra3 91. Ng2 Kg5 92. Nh4 Rb3 93. Ng2 Ra3 94. Nh4 Ra1 95. Nf3+ Kf5 96. Nh4+ Ke4 97. Kg4 Ra4 98.
Kh3 Ke3 99. Kg2 Ra2+ 100. Kh3 Ra4 101. Kg2 Ke2 102. Ng6 Ra2 103. Nh4 Ke3+ 104. Kh3 Kf2 105. Nf5 Ra4 106. Nh4 Ra5 107. Kg4 Ra3 108. Nf5 Ra4+ 109. Kh3 Rb4 110. Nh4 Rc4 111. Nf5 Rc3 112. Kg4 Rc5 113. Kf4 Rc4+ 114. Kg5 Kf3 115. Kh5 Rc5 116. Kg5 Rc4 117. Kh5 Rg4 118. Kh6 Rg8 119. Kh5 Rf8 120. Kg5 Rg8+ 121. Kf6 Ke4 122. Nd6+ Kf3 123. Nf5 Rh8 124. Kg5 Rh1 125. g4 Rg1 126. Nh4+ Kg3 127. Ng6 Kh3 128. Ne5 Re1 129. Kf5 Rf1+ 130. Kg6 Kg3 131. g5 Kf4 132. Nf7 Rg1 133.
Kf6 Rf1 134. g6 Ke4+ 135. Ke6 Rg1 136. Kf6 Rxg6+ 137.
Kxg6 1/2-1/2

[Event "*** Titled Tuesday Blitz"]
[Site "Chess.com"]
[Date "2020.04.21"]
[Round "5"]
[White "FROGGY64"]
[Black "talman67"]
[Result "1/2-1/2"]
[WhiteElo "2407"]
[BlackElo "2555"]
[TimeControl "180+1"]
[EndTime "11:00:54 PDT"]
[Termination "Game drawn by agreement"]

1. d4 Nf6 2. c4 e6 3. g3 d5 4. Nf3 Bb4+ 5. Bd2 Be7 6. Bg2 c6 7. O-O b6 8. Qc2 O-O 9. Bf4 Ba6 10. b3 Nbd7 11. Rd1 Rc8 12. Ne5 Nxe5 13. dxe5 Nd7 14. e4 dxc4 15. bxc4 Qc7 16. h4 Nxe5 17. Nd2 Bf6 18.
Rac1 Rfd8 19. Qa4 Qb7 20. c5 Nd3 21. e5 Nxc1 22. Rxc1 Be7 23. Ne4 bxc5 24. Nd6 Bxd6 25. exd6 c4 26. Qa5 Qb5 27. Qc3 f6 28. Bh3 e5 29.
Be6+ Kh8 30. Bxc8 Bxc8 31. Be3 Be6 32. Rd1 a5 33. Qa3 Qb4 34. Bc5 Qxa3 35. Bxa3 Kg8 36. Rb1 Kf7 37. Rb7+ Bd7 38. Ra7 Ke6 39. Rxa5 Rb8 40.
Rc5 Rb1+ 41. Kg2 Ra1 42. Rxc4 Rxa2 43. Rc3 c5 44. Bxc5 Bc6+ 45. Kf1 Bb5+ 46. Kg1 Ra1+ 47. Kg2 Bc6+ 48. f3 Ra2+ 49. Kf1 Bb5+ 50. Kg1 f5 51.
Rb3 Bc6 52. Re3 Kd5 53. Bb4 Ra4 54. Ba3 e4 55. fxe4+ fxe4 56. Kf2 Rc4 57. Re2 Rc3 58. Re3 Rc2+ 59. Re2 Rc4 60. Rd2+ Ke6 61. d7 Bxd7 62. Rd6+ Ke5 63. Rxd7 Rc2+ 64. Kg1 e3 65. Re7+ Kd4 66. Bb4 Kd3 67. Rxg7 Rc1+ 68. Kg2 h5 69. Re7 e2 70. Rd7+ Kc2 71. Rd2+ Kb3 72. Rxe2 Kxb4 73. Re5 Rc2+ 74.
Kh3 Kc4 75. Rxh5 Kd4 76. Rg5 Ke4 77. h5 Rc1 78. Kg4 Rh1 79. h6 Rxh6 80. Rh5 Rg6+ 81.
Rg5 Rf6 82. Ra5 Rg6+ 83. Kh4 Rh6+ 84. Rh5 Rg6 85. g4 Kf4 86. Rf5+ Ke4 87. Kh5 Rg8 88. Rf6 Rh8+ 89. Rh6 Rg8 90. Rg6 Rh8+ 91. Kg5 Ke5 92. Rg7 Rh1 93. Kg6 Rg1 94. g5 Kf4 95. Rf7+ Kg4 96. Rf8 Ra1 97. Rf6 Ra5 98. Rb6 Rxg5+ 99. Kh6 Rh5+ 100. Kg6 Rg5+ 101. Kh6 Re5 102. Rb4+ Kf5 103. Rb1 Re2 104. Kg7 Ke6 105. Rb6+ Ke7 106. Kg6 Rg2+ 107. Kf5 Rh2 108. Kf4 Rh4+ 109. Kg5 Rc4 110. Rb7+ Kd6 111. Rb6+ Ke5 112. Rb1 Rc2 113. Re1+ Kd5 114. Kf5 Rf2+ 115. Kg4 1/2-1/2

[Event "*** Titled Tuesday Blitz"]
[Site "Chess.com"]
[Date "2020.04.21"]
[Round "5"]
[White "Bigfish1995"]
[Black "DraskovicL"]
[Result "1/2-1/2"]
[WhiteElo "3055"]
[BlackElo "2578"]
[TimeControl "180+1"]
[EndTime "11:01:11 PDT"]
[Termination "Game drawn by repetition"]

1. e4 d5 2. exd5 Qxd5 3. Nf3 Bg4 4. Nc3 Qe6+ 5. Qe2 Qxe2+ 6. Bxe2 c6 7. d4 e6 8. Bf4 Nd7 9. O-O-O Ngf6 10. h3 Bxf3 11. Bxf3 O-O-O 12. Ne2 Nb6 13. b3 Nbd5 14. Bd2 Be7 15. Kb2 Rd7 16. c4 Nc7 17. Bc3 Rhd8 18. Nf4 c5 19. dxc5 Rxd1 20. Rxd1 Rxd1 21. Bxd1 Bxc5 22.
Nd3 Be7 23. Ne5 Ne4 24. Nxf7 Nxc3 25. Kxc3 Bf6+ 26. Kd3 Kd7 27. f4 Na6 28. Ke3 Nb4 29.
a3 Nc6 30. Ng5 h6 31. Ne4 Bb2 32. Nc5+ Ke7 33. Nxb7 Bxa3 34. Bf3 Nd8 35. Nxd8 Kxd8 36. Kd4 Kd7 37. c5 Bb4 38. Kc4 Bd2 39. g3 Be1 40.
g4 Bg3 41. f5 exf5 42. gxf5 Kc7 43. Kd5 Be1 44. Kc4 a5 45. c6 Bd2 46. Kd4 Be1 47. Ke5 Bc3+ 48. Ke6 Bf6 49. Bd5 Bc3 50.
Be4 Bb2 51. Kd5 Bc3 52. Kc5 Bb4+ 53. Kb5 Be1 54. Bf3 Bd2 55. Kc4 Be1 56. Kd4 Bd2 57. h4 Be1 58. h5 Bd2 59. Kd3 Be1 60. Bg2 Bb4 61. Kd4 Be1 62. Kc4 Bd2 63. Kd5 Bc3 64. Kc5 Be1 65. Kd5 Bd2 66. Ke6 Bc3 67. Bd5 Bf6 68. Be4 Bc3 69. Kd5 Bd2 70. Kc5 Be1 71. Kb5 Bd2 72. Bf3 Bc3 73. f6 gxf6 74. Bg4 Bd2 75. Bd7 Be1 76. Kc4 Bd2 77. Kd4 Bb4 78.
Ke3 Bc3 79. Ke4 Bd2 80. Kf5 Bc3 81. Kg6 Bd2 82. Be8 Bc1 83. Kf5 Bd2 84. Ke6 Bc1 85.
Kd5 Bd2 86. Bg6 Be1 87. Be4 Bd2 88. Ke6 Be1 89. Kf7 Bd2 90. Kg7 Bc1 91. Kg6 Bd2 92.
Bf3 Bc1 93. Kxf6 Bd2 94. Ke6 Bb4 95. Ke5 Be1 96. Kd4 Bb4 97. Kd3 Be1 98. Ke3 Bb4 99. Ke2 Bc3 100. Bg2 Bb4 101. Kd3 Ba3 102. Kd4 Bb4 103. Ke5 Bd2 104. Kd5 Bb4 105. Bh3 Ba3 106. Bd7 Bb4 107. Kc4 Ba3 108. Kb5 Bb4 109. Ka4 Bd2 110. Ka3 Bb4+ 111.
Kb2 Be1 112. Kc1 Bb4 113. Kc2 Ba3 114. Kd1 Bb4 115. Ke2 Ba3 116. Kd2 Bb4+ 117. Kd1 Ba3 118. Ke2 Bb4 119. Kf3 Ba3 120. Ke4 Bb4 121. Kf5 Ba3 122. Kg6 Bc1 123. Kg7 Bd2 124. Kh7 Bc1 125. Kg6 Bd2 126. Kg7 Bc1 127. Kh7 Bd2 128. Kg6 Bc1 129. Kf5 Bd2 130. Ke4 Bb4 131. Kd5 Ba3 132. Kd4 Bb4 133. Kc4 Be1 134. Kb5 Bb4 135. Ka4 Be1 136. Kb5 Bb4 1/2-1/2

[Event "*** Titled Tuesday Blitz"]
[Site "Chess.com"]
[Date "2020.04.21"]
[Round "6"]
[White "joppie2"]
[Black "DrMelekess"]
[Result "1-0"]
[WhiteElo "2933"]
[BlackElo "2703"]
[TimeControl "180+1"]
[EndTime "11:03:23 PDT"]
[Termination "joppie2 won by resignation"]

1. e4 d5 2. exd5 Qxd5 3. Nc3 Qd8 4. d4 Nf6 5. Nf3 c6 6. Bc4 Bf5 7. Ne5 e6 8. g4 Bg6 9. h4 Nbd7 10. Nxd7 Qxd7 11. h5 Be4 12. Nxe4 Nxe4 13. c3 O-O-O 14. Qe2 Nf6 15. Bd2 Bd6 16. O-O-O Nd5 17. Qf3 Qc7 18. Kb1 h6 19. Rhe1 Be7 20. Qxf7 1-0

[Event "*** Titled Tuesday Blitz"]
[Site "Chess.com"]
[Date "2020.04.21"]
[Round "6"]
[White "Pechen_Yeltsina"]
[Black "Poghosyan_Suren"]
[Result "0-1"]
[WhiteElo "2761"]
[BlackElo "2495"]
[TimeControl "180+1"]
[EndTime "11:03:25 PDT"]
[Termination "Poghosyan_Suren won by resignation"]

1. e4 e6 2. d3 d5 3. Nd2 Nf6 4. Ngf3 Nc6 5. g3 dxe4 6. dxe4 Bc5 7. Bg2 e5 8. O-O a5 9. c3 Qe7 10. Qc2 b6 0-1

[Event "*** Titled Tuesday Blitz"]
[Site "Chess.com"]
[Date "2020.04.21"]
[Round "6"]
[White "Enriquack"]
[Black "Gandrade2"]
[Result "1-0"]
[WhiteElo "2257"]
[BlackElo "1957"]
[TimeControl "180+1"]
[EndTime "11:03:45 PDT"]
[Termination "Enriquack won by resignation"]

1. e4 c5 2. Nf3 g6 3. h4 Nc6 4. h5 Bg7 5. Nc3 d6 6. Bc4 Bg4 7. Bxf7+ Kf8 8. Bc4 Bxh5 9. Rxh5 gxh5 10. Ng5 Ke8 11. Qxh5+ Kd7 12. Qg4+ Kc7 13. Ne6+ 1-0

[Event "*** Titled Tuesday Blitz"]
[Site "Chess.com"]
[Date "2020.04.21"]
[Round "6"]
[White "Corpescador"]
[Black "Squirlolz"]
[Result "1-0"]
[WhiteElo "2406"]
[BlackElo "2539"]
[TimeControl "180+1"]
[EndTime "11:03:59 PDT"]
[Termination "Corpescador won by checkmate"]

1. e4 e6 2. d4 d5 3. Nc3 Nf6 4. e5 Nfd7 5. f4 c5 6. Nf3 Nc6 7. Be3 a6 8. Qd2 Be7 9. dxc5 Nxc5 10. O-O-O b5 11. Qf2 Na4 12. Nxa4 bxa4 13. c3 a3 14. b3 O-O 15. h4 a5 16. Bd3 Ba6 17. Bxa6 Rxa6 18. Ng5 a4 19. Qc2 axb3 20. Qxh7# 1-0

[Event "*** Titled Tuesday Blitz"]
[Site "Chess.com"]
[Date "2020.04.21"]
[Round "6"]
[White "krasavetc"]
[Black "Unknown_IM"]
[Result "1-0"]
[WhiteElo "2486"]
[BlackElo "2565"]
[TimeControl "180+1"]
[EndTime "11:04:18 PDT"]
[Termination "krasavetc won by resignation"]

1. e4 c5 2. Nf3 e6 3. d3 Nc6 4. Nbd2 Nf6 5. g3 d5 6. Bg2 Be7 7. O-O O-O 8. Re1 dxe4 9. dxe4 e5 10. c3 h6 11. Qe2 Be6 12. h3 a6 13. Nf1 c4 14. g4 b5 15. Ng3 Nd7 16. Nf5 Nc5 17. Rd1 Qc7 18. Be3 Nd3 19. Ne1 Nxe1 20. Qxe1 Bf6 21. Qe2 Rfd8 22. Qf3 Ne7 23. Nxh6+ gxh6 24. Qxf6 1-0

[Event "*** Titled Tuesday Blitz"]
[Site "Chess.com"]
[Date "2020.04.21"]
[Round "6"]
[White "SanchezKelvin"]
[Black "AndrewMaco"]
[Result "1-0"]
[WhiteElo "2415"]
[BlackElo "2547"]
[TimeControl "180+1"]
[EndTime "11:04:18 PDT"]
[Termination "SanchezKelvin won by resignation"]

1. d4 Nf6 2. c4 e6 3. Nf3 d5 4. Nc3 Bb4 5. Qa4+ Nc6 6. cxd5 exd5 7. Ne5 Bd7 8. Nxd7 Qxd7 9. e3 Ne4 10. Qc2 O-O-O 11.
Bb5 a6 12. Ba4 b5 13. Bb3 Na5 14. O-O Nxb3 15. axb3 Qc6 16. Bd2 Kb7 17. Rfc1 f5 18.
Nxe4 1-0

[Event "*** Titled Tuesday Blitz"]
[Site "Chess.com"]
[Date "2020.04.21"]
[Round "6"]
[White "warmoatmeal"]
[Black "crossingthestreet"]
[Result "0-1"]
[WhiteElo "1978"]
[BlackElo "2260"]
[TimeControl "180+1"]
[EndTime "11:04:24 PDT"]
[Termination "crossingthestreet won by resignation"]

1. d4 Nf6 2. Nf3 d5 3. Bf4 e6 4. e3 Bd6 5. c3 O-O 6. Nbd2 c5 7.
Bg3 Qc7 8. Ne5 Nc6 9. f4 b6 10. Bd3 Bb7 11. Qf3 Ne7 12. O-O Nf5 13. Bf2 Be7 14.
Bxf5 exf5 15. Bh4 Ne4 16. Rad1 Bxh4 0-1

[Event "*** Titled Tuesday Blitz"]
[Site "Chess.com"]
[Date "2020.04.21"]
[Round "6"]
[White "littleozy"]
[Black "secretsuperstar7"]
[Result "1-0"]
[WhiteElo "2410"]
[BlackElo "2192"]
[TimeControl "180+1"]
[EndTime "11:04:36 PDT"]
[Termination "littleozy won by checkmate"]

1. d4 d5 2. Nc3 Nf6 3. Bg5 e6 4. e4 dxe4 5. Nxe4 Be7 6. Bxf6 Bxf6 7. Nf3 Be7 8. Bd3 Nd7 9. Qe2 Nf6 10. c3 Nd5 11. g3 Bd7 12. h4 Rc8 13. Ne5 a6 14.
Qf3 Nf6 15. Nxf6+ Bxf6 16. Nxd7 Qxd7 17. Qxb7 a5 18. O-O O-O 19. Qe4 c5 20. Qxh7# 1-0

[Event "*** Titled Tuesday Blitz"]
[Site "Chess.com"]
[Date "2020.04.21"]
[Round "6"]
[White "RestartingChess"]
[Black "DanilNajdin"]
[Result "0-1"]
[WhiteElo "2527"]
[BlackElo "2392"]
[TimeControl "180+1"]
[EndTime "11:04:45 PDT"]
[Termination "DanilNajdin won by checkmate"]

1. e4 e5 2. Nf3 Nc6 3. Bc4 Nf6 4. Ng5 d5 5. exd5 Na5 6. Bb5+ c6 7. dxc6 bxc6 8. Qf3 Rb8 9. Ba4 Rb4 10. Bb3 Nxb3 11. axb3 h6 12. Nxf7 Kxf7 13. Rxa7+ Be7 14. Qxc6 Re4+ 15.
Kf1 Bd7 16. Qa6 Bc5 17. d3 Bxa7 18. dxe4 Bb5+ 19. Qxb5 Qd1# 0-1

[Event "*** Titled Tuesday Blitz"]
[Site "Chess.com"]
[Date "2020.04.21"]
[Round "6"]
[White "EddieMarsalla"]
[Black "Bigfish1995"]
[Result "0-1"]
[WhiteElo "2545"]
[BlackElo "3056"]
[TimeControl "180+1"]
[EndTime "11:04:47 PDT"]
[Termination "Bigfish1995 won by resignation"]

1. d4 f5 2. Bg5 Nf6 3. e3 e6 4. Nd2 d5 5. Bd3 Be7 6. Qe2 O-O 7. c3 c5 8. Ngf3 Nbd7 9. O-O h6 10. Bxf6 Bxf6 11. Rad1 b6 12. h3 Qe7 13. Rfe1 c4 14.
Bb1 b5 15. Nh2 Nb6 16. f4 b4 17. Ndf3 bxc3 18. bxc3 Qa3 19. Rc1 Na4 20. Qc2 Rb8 21.
Qf2 Nxc3 22. g4 Rb2 23. Qf1 Ne2+ 24. Rxe2 Rxe2 25. gxf5 Qxe3+ 0-1

[Event "*** Titled Tuesday Blitz"]
[Site "Chess.com"]
[Date "2020.04.21"]
[Round "6"]
[White "Camels1981"]
[Black "IljaJoke"]
[Result "1-0"]
[WhiteElo "2101"]
[BlackElo "2474"]
[TimeControl "180+1"]
[EndTime "11:04:55 PDT"]
[Termination "Camels1981 won by resignation"]

1. e4 e5 2. Nf3 Nc6 3. Bb5 a6 4. Ba4 Nf6 5. d4 exd4 6. O-O b5 7. e5 Ne4 8. Bb3 Be7 9. Nxd4 O-O 10. Bd5 Nc5 11.
Nxc6 dxc6 12. Bxc6 Rb8 13. Nc3 Bf5 14. Qf3 Bxc2 15. Qg3 Qd3 16. Be3 Ne4 17. Bxe4 1-0

[Event "*** Titled Tuesday Blitz"]
[Site "Chess.com"]
[Date "2020.04.21"]
[Round "6"]
[White "Triumphmate"]
[Black "pedromartinez91"]
[Result "0-1"]
[WhiteElo "2550"]
[BlackElo "2438"]
[TimeControl "180+1"]
[EndTime "11:04:56 PDT"]
[Termination "pedromartinez91 won by resignation"]

1. e4 e6 2. Nf3 d5 3. exd5 exd5 4. d4 Nf6 5. Bd3 Be7 6. c3 O-O 7. Be3 Bg4 8. Nbd2 c6 9. Qc2 Nbd7 10. O-O Qc7 11.
Rae1 Rfe8 12. Bg5 Bxf3 13. Nxf3 Bd6 14. Re3 Rxe3 15. fxe3 Re8 16. Re1 Ne4 17. Bh4 h6 18. Bf2 Ndf6 19. h3 Nxf2 20. Kxf2 Bg3+ 21. Ke2 Bxe1 22.
Nxe1 Qg3 23. Kd1 Qxe3 24. Nf3 Ne4 25. Qe2 Nf2+ 26. Ke1 Nxd3+ 0-1

[Event "*** Titled Tuesday Blitz"]
[Site "Chess.com"]
[Date "2020.04.21"]
[Round "6"]
[White "queen_iryna"]
[Black "maximnovik"]
[Result "0-1"]
[WhiteElo "2280"]
[BlackElo "2454"]
[TimeControl "180+1"]
[EndTime "11:05:03 PDT"]
[Termination "maximnovik won by resignation"]

1. d4 Nf6 2. Nc3 d5 3. Bg5 Nbd7 4. Nf3 g6 5. Qd2 Bg7 6. Bh6 O-O 7. h4 Ne4 8. Nxe4 dxe4 9. Ng1 Bxh6 10. Qxh6 Nf6 11. O-O-O Qd5 12. Kb1 Be6 13. b3 a5 14. h5 a4 15.
hxg6 fxg6 16. e3 axb3 17. cxb3 Qa5 0-1

[Event "*** Titled Tuesday Blitz"]
[Site "Chess.com"]
[Date "2020.04.21"]
[Round "6"]
[White "VALPARAISO37"]
[Black "Teidi96"]
[Result "1-0"]
[WhiteElo "2343"]
[BlackElo "2170"]
[TimeControl "180+1"]
[EndTime "11:05:11 PDT"]
[Termination "VALPARAISO37 won by resignation"]

1. d4 d5 2. c4 dxc4 3. e4 e5 4. Nf3 exd4 5. Qxd4 Qxd4 6. Nxd4 Nf6 7. e5 Bb4+ 8. Bd2 Bxd2+ 9. Nxd2 Ng4 10. Nxc4 O-O 11.
h3 Nxe5 12. Nxe5 Re8 13. O-O-O Rxe5 14. Ne6 fxe6 15. Rd8+ Kf7 16. Rxc8 Ke7 17. Rxc7+ Kf6 18. Rc8 Rd5 19. Be2 Rd6 20. Kb1 Rc6 21. Rc1 Rxc1+ 22. Kxc1 a6 23. Bf3 1-0

[Event "*** Titled Tuesday Blitz"]
[Site "Chess.com"]
[Date "2020.04.21"]
[Round "6"]
[White "AnonymusDonkey"]
[Black "RATNAKARAN"]
[Result "0-1"]
[WhiteElo "2404"]
[BlackElo "2582"]
[TimeControl "180+1"]
[EndTime "11:05:30 PDT"]
[Termination "RATNAKARAN won by resignation"]

1. e4 e6 2. d4 d5 3. e5 c5 4.
c3 Nc6 5. Nf3 Bd7 6. Na3 cxd4 7.
cxd4 Bxa3 8. bxa3 Nge7 9. Bd3 Qb6 10. O-O Nxd4 11. Rb1 Nxf3+ 12. Qxf3 Qc7 13. Qg3 Ng6 14. h4 Qxe5 15. Bxg6 Qxg3 16. Bxf7+ Kxf7 17. fxg3+ Kg6 18. Rxb7 Bc6 19. h5+ Kxh5 20. Rxg7 Rag8 21. g4+ Kh4 22. Bg5+ Kxg4 23. Rf4+ Kg3 24. Rh4 Rxg7 0-1

[Event "*** Titled Tuesday Blitz"]
[Site "Chess.com"]
[Date "2020.04.21"]
[Round "6"]
[White "Szparu"]
[Black "ajdemipopushi"]
[Result "0-1"]
[WhiteElo "2547"]
[BlackElo "2367"]
[TimeControl "180+1"]
[EndTime "11:05:33 PDT"]
[Termination "ajdemipopushi won by resignation"]

1. e4 c5 2. Nf3 g6 3. d4 cxd4 4. Nxd4 Bg7 5. c4 Nc6 6. Be3 Nf6 7. Nc3 Nxd4 8. Qxd4 O-O 9. e5 Ne8 10. c5 d6 11. Qe4 Bxe5 12. cxd6 exd6 13. Bc4 Bf5 14. Qxb7 Rb8 15. Qxa7 Rxb2 16. Rc1 Ng7 17. O-O Qh4 0-1